 Dungeon Crawl Stone Soup version 0.28.0 (webtiles) character file.

Game seed: 5151169340566845001

1169 CannotBeFrozen the Arsonist (level 8, -3/59 (60) HPs)
             Began as a Human Cinder Acolyte on Feb 7, 2022.
             Was a High Priest of Ignis.
             Slain by a thrashing horror (6 damage)
             ... on level 1 of the Abyss.
             The game lasted 00:22:26 (6657 turns).

CannotBeFrozen the Arsonist (Human Cinder Acolyte)  Turns: 6657, Time: 00:22:26

HP:   -3/59 (60)    AC:  9    Str: 15    XL:     8   Next: 68%
MP:   11/11         EV: 10    Int: 16    God:    Ignis [*****.]
Gold: 198           SH:  0    Dex:  9    Spells: 9/11 levels left

rFire   + . .      SeeInvis .   a - +5 scimitar
rCold   . . .      Faith    .   (no shield)
rNeg    + . .      Spirit   .   n - +0 ring mail
rPois   .          Reflect  .   (no helmet)
rElec   .          Harm     .   x - +2 cloak
rCorr   .          Rampage  .   (no gloves)
Will    .....                   i - +0 pair of boots
Stlth   ..........              (no amulet)
HPRegen 0.00/turn               d - ring of positive energy
MPRegen 0.12/turn               (no ring)

@: sick, lightly drained
A: no striking features
a: Renounce Religion, Fiery Armour, Foxfire Swarm, Rising Flame


You were on level 1 of the Abyss.
You worshipped Ignis.
Ignis was extremely pleased with you.
You visited 1 branch of the dungeon, and saw 5 of its levels.
You visited the Abyss 1 time.
You also visited: Sewer.

You collected 198 gold pieces.

Inventory:

Hand Weapons
 a - a +5 scimitar (weapon)
 b - a +1 dagger of venom
 p - a -1 falchion of flaming
 q - a +2 whip of flaming
Missiles
 c - 33 arrows
 e - 149 stones (quivered)
 k - a boomerang
 o - 6 javelins
 r - a throwing net {=f =F}
 v - a poisoned dart
Armour
 i - a +0 pair of boots (worn)
 l - a +0 leather armour
 n - a +0 ring mail (worn)
 w - a +0 robe
 x - a +2 cloak (worn)
Jewellery
 d - a ring of positive energy (left hand)
Scrolls
 f - 5 scrolls of fear
 j - 5 scrolls of teleportation {@r2}
Potions
 g - 3 potions of curing {@q1}
 h - a potion of berserk rage
 m - a potion of flight {unknown}
 s - a potion of invisibility
 u - a potion of mutation {unknown}


   Skills:
 - Level 4.3 Fighting
 - Level 4.4 Long Blades
 - Level 2.0 Armour
 - Level 2.0 Dodging
 - Level 2.0 Spellcasting
 + Level 8.3 Fire Magic


You had 9 spell levels left.
You knew the following spells:

 Your Spells              Type           Power      Damage    Failure   Level
a - Scorch                Fire           56%        2d8       1%          2

Your spell library contained the following spells:

 Spells                   Type           Power      Damage    Failure   Level


Dungeon Overview and Level Annotations

Branches:
Dungeon (5/15)              Sewer (visited)
 Temple: D:4-7

Altars:
Gozag
Vehumet

Annotations:
D:4 Robin


Message History

HP: 49/59 (-7) =========--- !
Tentacles burst from the starspawn's body! 2 starspawn tentacles come into view.
An ancient zyme comes into view.
A crimson imp comes into view.
You feel ill.
You enter the shallow water.
Moving in this stuff is going to be slow.
The crimson imp puffs mist at you.
The ice beast hits you but does no damage.
The crimson imp blinks!
You feel ill.
The crimson imp blinks!
The crimson imp blinks!
A tentacle flies out from the starspawn's body!
A starspawn tentacle comes into view.
You feel ill.
Press: ? - help, v - describe, . - travel
Here: an ancient zyme The floor.
You feel ill.
You feel ill.
A thrashing horror comes into view.
The thrashing horror roars!
A large abomination comes into view.
The great orb of eyes gazes at you.
You suddenly lose the ability to move!
The thrashing horror tramples you!
You hold your ground!
The thrashing horror tramples you.
You hold your ground!
The thrashing horror roars!
The thrashing horror tramples you.
You hold your ground!
The thrashing horror tramples you but does no damage.
The great orb of eyes gazes at you.
Your mind is blasted!
Ouch! That really hurt!
* * * LOW HITPOINT WARNING * * *
You feel ill.
You can move again.
A starspawn tentacle comes into view.
HP: 3/59 (-46) ------------ !!!!!!!
The thrashing horror barely misses you. The thrashing horror tramples you.
You die...

..# .#§ ###.. ... .
....##.##...#....... ....
...#.. #.###.. ##
.....#.#..##......# .
#..#......##>...# ###
###..#.##..Xw.X.###. .
#..#..#..5.## ..#...# .
#.#XxY###.####..5..#
#.@#.G##.#....Y# ..
.......#..##..## .#.##..Y
....#....##....#.#..#≈≈≈≈
..X #.##.. .. ... ###..#≈
# #. .#.#.....## #. #.
#..#...## #..### #
.#.#.## ## . .. .. # . #
##


You could see a tentacled starspawn, an ancient zyme, a thrashing horror, a
large abomination, an ice beast and a crimson imp.

Vanquished Creatures
  Pikel (D:3)
  A water moccasin (Sewer)
  A black bear (D:4)
  A lemure (D:3)
  3 wights
  4 hounds (D:3)
  2 iguanas
  2 orc wizards (D:4)
  A howler monkey zombie (D:5)
  4 gnolls
  An adder (D:3)
  2 worms
  5 dart slugs
  5 orcs
  5 ball pythons
  7 bats
  3 endoplasms
  10 giant cockroaches
  6 hobgoblins
  4 jackals (D:2)
  5 kobolds
  A quokka (D:1)
  2 frilled lizards
  14 goblins
  A quokka skeleton (D:4)
  5 rats
96 creatures vanquished.

Vanquished Creatures (others)
  6 starspawn tentacles (Abyss:1)
6 creatures vanquished.

Grand Total: 102 creatures vanquished

Notes
Turn   | Place    | Note
-------+----------+-------------------------------------------
     0 | D:1      | CannotBeFrozen the Human Cinder Acolyte began the quest for
                  | the Orb.
     0 | D:1      | Reached XP level 1. HP: 18/18 MP: 2/2
   494 | D:1      | Reached XP level 2. HP: 13/24 MP: 3/3
   652 | D:1      | Learned a level 2 spell: Scorch
   951 | D:1      | Reached XP level 3. HP: 29/29 MP: 1/5
  1835 | D:2      | Found a radiant altar of Vehumet.
  2121 | D:2      | Reached XP level 4. HP: 32/35 MP: 2/6
  3026 | D:3      | Reached XP level 5. HP: 39/42 MP: 3/8
  3159 | D:3      | Found an opulent altar of Gozag.
  3494 | D:3      | Reached skill level 4 in Fire Magic
  3843 | D:4      | Noticed a black bear
  3893 | D:4      | Noticed a lemure
  3894 | D:4      | Noticed a lemure
  3895 | D:4      | Noticed Pikel
  3958 | D:3      | Reached XP level 6. HP: 42/48 MP: 2/9
  4506 | D:5      | Entered Level 5 of the Dungeon
  4588 | D:5      | Reached skill level 1 in Armour
  4588 | D:5      | Reached skill level 1 in Dodging
  4704 | D:5      | Found a glowing drain.
  4709 | Sewer    | Entered a sewer
  4794 | Sewer    | Noticed a water moccasin
  4799 | Sewer    | Killed a water moccasin
  4800 | Sewer    | Reached XP level 7. HP: 49/54 MP: 3/10
  5111 | D:5      | Noticed a yak
  5437 | D:4      | Reached skill level 5 in Fire Magic
  5687 | D:3      | Killed Pikel
  5688 | D:3      | Reached skill level 7 in Fire Magic
  5688 | D:3      | Reached XP level 8. HP: 5/60 MP: 9/11
  6129 | D:3      | Reached skill level 8 in Fire Magic
  6516 | D:4      | Identified the +1 long sword of Focus {vorpal, *Slow rElec
                  | Int+7}
  6555 | D:4      | Noticed Robin
  6562 | D:4      | Cast into level 1 of the Abyss (Robin)
  6611 | Abyss:1  | Noticed an ancient zyme
  6611 | Abyss:1  | Noticed a tentacled starspawn
  6621 | Abyss:1  | Noticed a great orb of eyes
  6632 | Abyss:1  | Noticed an ancient zyme
  6653 | Abyss:1  | Noticed a thrashing horror
  6655 | Abyss:1  | Paralysed by a great orb of eyes for 2 turns
  6657 | Abyss:1  | Slain by a thrashing horror

Illustrated notes

Levels and vault maps discovered:
D:1:      heliophobic_arrival_henge, layout_loops_cross, dk_noncrumbling_4
D:2:      layout_basic, basic_altar
D:3:      layout_rooms, grunt_gozag_breadcrumbs
D:4:      layout_basic, uniq_robin, uniq_pikel
D:5:      layout_layer_cave, portal_sewer_entry_e, minmay_manual_moon
Abyss:1:  base:
D:5

Skill      XL: |  1  2  3  4  5  6  7  8 |
---------------+-------------------------+-----
Spellcasting   | 2 |  2.0
Long Blades    | 4 |  4.4
Fighting       | 4 |  4.3
Fire Magic     | 4 7 8 |  8.3
Armour         | 2 |  2.0
Dodging        | 2 |  2.0

Action                   |  1- 3 |  4- 6 |  7- 9 || total
-------------------------+-------+-------+-------++-------
Melee: Falchion          |    73 |    32 |     1 ||   106
       Punch             |     1 |       |       ||     1
       Dagger            |       |       |    15 ||    15
       Scimitar          |       |       |    25 ||    25
Throw: Stone             |    12 |    12 |     3 ||    27
       Dart              |     5 |     9 |       ||    14
 Cast: Scorch            |    21 |    58 |    34 ||   113
  Use: Scroll            |       |     6 |     2 ||     8
Armor: Robe              |    15 |     8 |       ||    23
       Ring mail         |       |     3 |    44 ||    47
Dodge: Dodged            |    48 |    38 |    46 ||   132
